 Dungeon Crawl Stone Soup version 0.19.0 (webtiles) character file.

74 tyranidshit the Skirmisher (level 4, -1/39 HPs)
             Began as a Demonspawn Abyssal Knight on Nov 1, 2016.
             Was a Follower of Lugonu.
             Slain by a worm (3 damage)
             ... on level 2 of the Dungeon.
             The game lasted 00:07:26 (1583 turns).

tyranidshit the Skirmisher (DsAK)                   Turns: 1583, Time: 00:07:27

Health: -1/39      AC:  6    Str: 14    XL:     4   Next: 9%
Magic:  5/5        EV: 13    Int: 20    God:    Lugonu [*.....]
Gold:   114        SH:  0    Dex: 12    Spells: 0 memorised, 3 levels left

rFire  . . .     SeeInvis .     a - +2 hand axe
rCold  . . .     Gourm    .     b - +0 leather armour
rNeg   . . .     Faith    .     (no shield)
rPois  .         Spirit   .     (no helmet)
rElec  .         Reflect  .     (no cloak)
rCorr  .         Harm     .     (no gloves)
MR     .....                    (no boots)
Stlth  +.........               (no amulet)
                                k - +5 ring of intelligence
                                e - +3 ring of evasion

@: heavily drained
A: thin metallic scales 2, clever 1
a: Depart the Abyss, Renounce Religion


You were on level 2 of the Dungeon.
You worshipped Lugonu.
Lugonu was aware of your devotion.
You were not hungry.

You visited 1 branch of the dungeon, and saw 2 of its levels.
You visited the Abyss 1 time.

You collected 114 gold pieces.

Inventory:

Hand Weapons
 a - a +2 hand axe (weapon)
Armour
 b - a +0 leather armour (worn)
 d - a +0 leather armour
Jewellery
 c - an uncursed ring of see invisible
 e - a +3 ring of evasion (left hand)
 f - an uncursed amulet of harm
 k - a +5 ring of intelligence (right hand)
Scrolls
 j - a scroll of teleportation
Comestibles
 g - 2 meat rations
 h - 3 fruits
 i - a bread ration


   Skills:
 + Level 5.0(3.7) Fighting
 - Level 1.7(0.6) Axes
 - Level 1.7(0.6) Armour
 - Level 0.8(0.0) Dodging
 - Level 2.4(1.2) Invocations


You had 3 spell levels left.
You didn't know any spells.

Dungeon Overview and Level Annotations

Branches:
Dungeon (2/15)

Altars:


Innate Abilities, Weirdness & Mutations

You are mostly covered in thin metallic scales. (AC +3)
Your mind is acute. (Int +2)


Message History

Your surroundings suddenly seem different.
You open the door.
There is an open door here.
A quokka and a worm come into view.
The quokka bites you.
* * * LOW HITPOINT WARNING * * *
You hit the quokka.
You kill the quokka!
Lugonu accepts your kill. The worm bites you.
* * * LOW HITPOINT WARNING * * *
You see here a quokka corpse.
You hit the worm.
The worm is moderately wounded.
The worm bites you!
* * * LOW HITPOINT WARNING * * *
You slash the worm!
The worm is almost dead.
The worm bites you.
You die...

#.##.. . #.#.# #.# ##
###.#.# #.# ####
#...#.# #.######.#
..# #......
..(......# # #.#
#.....# #.########
#.##.########....#
#.##
#..............#.#
...#
#.#####.#########.#..
##.## #..w@...# #.###
#..# ######### #.# #
##.## #.# ###..####
#.# .....(..# #####.#
.#.##(#.# ...#.#
..#)(#).# #.#.#
.#.##.#.# #...###
.#.##.#.# #......


You could see a worm.

Vanquished Creatures
  4 adders (D:2)
  3 dart slugs
  5 goblins
  A hobgoblin (D:1)
  3 jackals (D:2)
  7 kobolds
  2 quokkas (D:2)
  5 bats
  2 frilled lizards
  A rat (D:2)
33 creatures vanquished.

Notes
Turn   | Place    | Note
-------+----------+-------------------------------------------
     0 | Abyss:1  | tyranidshit the Demonspawn Abyssal Knight began the quest for the Orb.
     0 | Abyss:1  | Reached XP level 1. HP: 18/18 MP: 2/2
   125 | Abyss:2  | Noticed a large abomination
   126 | Abyss:2  | Noticed an ophan
   129 | Abyss:2  | Noticed a large abomination
   129 | D:1      | Escaped the Abyss
   130 | D:1      | Gained mutation: Your mind is acute. (Int +2) [potion of beneficial mutation]
   621 | D:1      | Gained mutation: You are partially covered in thin metallic scales. (AC +2) [demonic ancestry]
   621 | D:1      | Reached XP level 2. HP: 24/24 MP: 3/3
  1013 | D:2      | Reached skill level 4 in Fighting
  1023 | D:2      | Gained mutation: You are mostly covered in thin metallic scales. (AC +3) [demonic ancestry]
  1023 | D:2      | Reached XP level 3. HP: 30/30 MP: 4/4
  1054 | D:2      | Reached * piety under Lugonu
  1069 | D:2      | Found a faded altar of an unknown god.
  1397 | D:2      | Reached skill level 5 in Fighting
  1397 | D:2      | Reached XP level 4. HP: 12/39 MP: 5/5
  1583 | D:2      | Slain by a worm

Skill      XL: |  1  2  3 |
---------------+----------+-----
Fighting       | 4 5 |  5.0
Axes           | |  1.7
Armour         | |  1.7
Dodging        | |  0.8
Invocations    | |  2.4

Action                   |  1- 3 |  4- 6 || total
-------------------------+-------+-------++-------
Melee: Hand axe          |    91 |    10 ||   101
Invok: Depart the Abyss  |     1 |       ||     1
  Use: Potion            |     2 |       ||     2
       Scroll            |     6 |     1 ||     7
  Eat: Bread ration      |     1 |       ||     1
Armor: Leather armour    |    28 |     3 ||    31
Dodge: Dodged            |    88 |     7 ||    95
